 Dungeon Sprint DCSS version 0.27-a0-1158-gaa87e14f67 (webtiles) character file.

Game seed: 5029907465828371519

1599 Zeld the Fighter (level 8, -4/60 HPs)
             Began as an Octopode Fighter on May 16, 2021.
             Was the Champion of Jiyva.
             Killed from afar by a deep elf knight (26 damage)
             ... with a shard of ice
             ... in the Dungeon (Sprint V: "Ziggurat Sprint").
             The game lasted 00:01:05 (72 turns).

Zeld the Fighter (Octopode Fighter)                   Turns: 72, Time: 00:01:05

Health: -4/60      AC:  4    Str: 29    XL:     8   Next: 94%
Magic:  8/8        EV: 12    Int: 11    God:    Jiyva [******]
Gold:   0          SH: 22    Dex: 11    Spells: 7/7 levels left

rFire    . . .     SeeInvis .   n - +5 broad axe
rCold    . . .     Faith    .   m - +3 tower shield
rNeg     . . .     Spirit   .   (helmet restricted)
rPois    .         Reflect  .   (no amulet)
rElec    .         Harm     .   x - +6 ring of strength
rCorr    +         Rampage  .   w - +6 ring of strength
Will     .....     NoTele   +   (no ring)
Stlth    ++........             (no ring)
HPRegen  0.20/turn              (no ring)
MPRegen  0.11/turn              (no ring)
                                (no ring)
                                (no ring)

@: no status effects
A: almost no armour, amphibious, 8 rings, camouflage 1, gelatinous body 2,
(nimble swimmer 1), tentacles, tentacle spike 3, iridescent scales 1, frail 1,
high mp 1, sense surroundings 2, wild magic 1, acidic bite, pseudopods 1, engulf
a: Renounce Religion, Request Jelly, Slimify, Cure Bad Mutation


You were in the Dungeon.
You worshipped Jiyva.
Jiyva was exalted by your worship.
You visited 1 branch

Inventory:

Hand Weapons
 a - a +0 war axe
 n - a +5 broad axe (weapon)
Armour
 b - a +0 kite shield
 m - a +3 tower shield (worn)
Jewellery
 w - a +6 ring of strength (right tentacle)
 x - a +6 ring of strength (left tentacle)
Wands
 t - a wand of mindburst (7)
 u - a wand of iceblast (7)
 v - a wand of acid (7)
Scrolls
 i - 4 scrolls of blinking
 o - 4 scrolls of amnesia
 p - 7 scrolls of fog
 q - a scroll of holy word
 r - 5 scrolls of identify
 s - 2 scrolls of fear
Potions
 c - 6 potions of might
 d - 10 potions of curing
 e - 10 potions of heal wounds
 f - 6 potions of haste
 g - 7 potions of magic
 h - 3 potions of berserk rage
 j - 2 potions of brilliance
 k - 2 potions of invisibility
 l - 4 potions of resistance
Miscellaneous
 y - a lightning rod (4/4)


   Skills:
 * Level 11.6 Fighting
 * Level 11.3 Axes
 - Level 3.0 Dodging
 * Level 11.5 Shields


You had 7 spell levels left.
You didn't know any spells.
Your spell library was empty.

Dungeon Overview and Level Annotations

Branches:
Dungeon (1/1)

Altars:
Ashenzari
Cheibriados
Dithmenos
Elyvilon
Fedhas
Gozag
Hepliaklqana
Kikubaaqudgha
Makhleb
Nemelex Xobeh
Okawaru
Qazlal
Ru
Sif Muna
Trog
Uskayaw
Vehumet
Wu Jian
Xom
Yredelemnul
Zin
The Shining One
Beogh
Jiyva
Lugonu

Annotations:
D 1 transporter


Innate Abilities, Weirdness & Mutations

You cannot wear most types of armour.
You are amphibious.
You can wear up to eight rings at the same time.
Your skin changes colour to match your surroundings (Stealth+).
Your pliable body absorbs attacks. (AC +2, EV +2)
((You are camouflaged near water. (Stealth+)))
You have tentacles for arms and can constrict up to eight enemies at once.
One of your tentacles bears a large vicious spike.
You are partially covered in iridescent scales. (AC +2)
You are frail. (-10% HP)
You have an increased reservoir of magic. (+10% MP)
You passively map the area around you.
Your spells are a little harder to cast, but a little more powerful.
You have acidic saliva.
Armour fits poorly on your pseudopods.
Your melee attacks may engulf your foes in ooze.


Message History

The deep elf demonologist is no longer engulfed.
The rust devil closely misses you.
You hear some strange, mumbled words.
The deep elf archer shoots an arrow.
You block the arrow.
You completely miss the deep elf demonologist.
Your grab misses the deep elf demonologist.
Your bludgeon misses the deep elf demonologist.
You squeeze the deep elf demonologist.
You kill the deep elf demonologist!
The rust devil disappears in a puff of smoke!
You barely miss something.
You hear a distant slurping noise.
You feel better. Something hits you!!
You shudder from the blow and a jelly pops out!
You hear a distant slurping noise.
Jiyva alters your body.
You feel more in control of your magic. Jiyva appreciates your sacrifice.
You feel better. x2
You hear a distant slurping noise.
You feel better.
The deep elf archer shoots an arrow.
You block the arrow.
You hear a distant slurping noise.
Jiyva alters your body.
Your body becomes more malleable.
Jiyva appreciates your sacrifice.
You feel better. Something hits you!
* * * LOW HITPOINT WARNING * * *
x2 You hear a distant slurping noise.
Jiyva alters your body. Acid begins to drip from your mouth.
You feel better.
You hear a squelching noise.
Your Fighting skill increases to level 11!
Your Axes skill gained 2 levels and is now at level 11!
Your Shields skill increases to level 11!
You have reached level 8!
You hear some strange, mumbled words.
A shard of ice appears from out of thin air!
The shard of ice hits you!!
You die...

* ***
▓▓▓▓▓▓▓▓▓▓▓▓▓
, 8
▓.8©8.▓.8©8.▓
, *,,
▓."e[.▓.....▓
, , ,
▓.....▓.[.).▓
, ,
▓.{.§.▓..)).▓
*,
,▓.).J.▓.....▓
* ,
,▓.J.@.▓..©..▓
,
▓..©..▓▓▓▓▓▓▓
, * *▓▓▓▓▓▓▓
** , © , , 8 *
, , * , , , ,
, * , * * ,,
,, ,, , ,* , ,
,, , * ,* * ,


You could see a deep elf archer (repels missiles) and 2 friendly azure jellies.

Vanquished Creatures
  A deep elf demonologist (D)
  2 draconians (D)
3 creatures vanquished.

Vanquished Creatures (others)
  A shard shrike (shapeshifter) (D)
  A golden dragon (shapeshifter) (D)
  An acid blob (shapeshifter) (D)
  3 titans (shapeshifter) (D)
  A fenstrider witch (shapeshifter) (D)
  2 rockslimes (shapeshifter) (D)
  A fire giant (shapeshifter) (D)
  A spark wasp (shapeshifter) (D)
  A two-headed ogre (shapeshifter) (D)
  A shock serpent (shapeshifter) (D)
  A lindwurm (shapeshifter) (D)
  2 orb spiders (shapeshifter) (D)
  2 shining eyes (shapeshifter) (D)
  A mana viper (shapeshifter) (D)
  2 moths of wrath (shapeshifter) (D)
  2 elephants (shapeshifter) (D)
  2 water nymphs (shapeshifter) (D)
  A guardian serpent (shapeshifter) (D)
  2 black mambas (shapeshifter) (D)
  An eye of devastation (shapeshifter) (D)
  An unseen horror (shapeshifter) (D)
  2 yaktaurs (shapeshifter) (D)
  A komodo dragon (shapeshifter) (D)
  A rime drake (shapeshifter) (D)
  3 merfolk (shapeshifter) (D)
  A raiju (shapeshifter) (D)
  A dream sheep (shapeshifter) (D)
  2 slime creatures (shapeshifter) (D)
  A spriggan (shapeshifter) (D)
  A wyvern (shapeshifter) (D)
  2 redbacks (shapeshifter) (D)
  2 hogs (shapeshifter) (D)
  A naga (shapeshifter) (D)
  A swamp worm (shapeshifter) (D)
  2 floating eyes (shapeshifter) (D)
  A water moccasin (shapeshifter) (D)
  An ice beast (shapeshifter) (D)
  2 black bears (shapeshifter) (D)
  A bullfrog (shapeshifter) (D)
  2 endoplasms (shapeshifter) (D)
  A giant cockroach (shapeshifter) (D)
59 creatures vanquished.

Grand Total: 62 creatures vanquished

Notes
Turn   | Place    | Note
-------+----------+-------------------------------------------
     0 | D        | Zeld the Octopode Fighter began the quest for the Orb.
     0 | D        | Reached XP level 1. HP: 16/16 MP: 1/1
     0 | D        | Found a blossoming altar of Fedhas.
     1 | D        | Found the +6 Majin-Bo {vamp, MP+6 Int+6}
     1 | D        | Found the +9 heavy crossbow "Sniper" {vorpal, Acc+∞ SInv}
     1 | D        | Found the +10 dark maul {vorpal}
     1 | D        | Found the +15 Maxwell's patent armour {-Cast -Tele rElec
                  | Will+ rCorr}
     1 | D        | Found the +18 shield of the Gong {rElec rN+ Will+ EV-5}
     1 | D        | Found the +14 obsidian axe {vorpal, Drain Fly SInv}
     1 | D        | Found the +7 great mace "Firestarter" {inner flame, rF++}
     1 | D        | Found the +6 shillelagh "Devastator" {shatter}
     1 | D        | Found the +11 plutonium sword {Contam Stlth-}
     1 | D        | Found the +8 lance "Wyrmbane" {slay drac, rPois rF+ rC+
                  | AC+3}
     1 | D        | Found the +9 sword of Zonguldrok {reap}
     1 | D        | Found the +13 scythe of Curses {drain, Drain}
     1 | D        | Found the +5 sword of Power {vorpal}
     1 | D        | Found the +7 mace of Variability {chain chaos}
     1 | D        | Found the +7 Singing Sword {vorpal, sonic wave}
     1 | D        | Found the +8 storm bow {elec, penet}
     1 | D        | Found a shimmering blue altar of Sif Muna.
     1 | D        | Found a sacrificial altar of Ru.
     1 | D        | Found a bloodstained altar of Trog.
     1 | D        | Found a stormy altar of Qazlal.
     1 | D        | Found an iron altar of Okawaru.
     1 | D        | Found a sparkling altar of Nemelex Xobeh.
     3 | D        | Reached skill level 5 in Fighting
     3 | D        | Reached skill level 5 in Shields
     3 | D        | Reached XP level 2. HP: 24/24 MP: 2/2
     8 | D        | Found a viscous altar of Jiyva.
     8 | D        | Found a hazy altar of Hepliaklqana.
     8 | D        | Found a transporter.
     8 | D        | Found an opulent altar of Gozag.
     8 | D        | Found an ancient bone altar of Kikubaaqudgha.
     8 | D        | Found a corrupted altar of Lugonu.
    13 | D        | Found a burning altar of Makhleb.
    47 | D        | Became a worshipper of Jiyva Jaugatho the Shapeless
    47 | D        | Reached * piety under Jiyva
    47 | D        | Killed a water nymph
    47 | D        | Killed a guardian serpent
    47 | D        | Killed a merfolk
    47 | D        | Reached ** piety under Jiyva
    47 | D        | Killed a lindwurm
    47 | D        | Reached *** piety under Jiyva
    47 | D        | Gained mutation: You have a small jelly attached to you
                  | that may absorb incoming projectiles. [Jiyva's grace]
    48 | D        | Killed a spark wasp
    48 | D        | Reached **** piety under Jiyva
    48 | D        | Gained mutation: Your pliable body absorbs attacks. (AC +2,
                  | EV +2) [Jiyva's grace]
    49 | D        | Killed a slime creature
    49 | D        | Reached ***** piety under Jiyva
    49 | D        | Killed a dream sheep
    49 | D        | Killed a moth of wrath
    49 | D        | Gained mutation: You are strong-willed. (Will+) [Jiyva's
                  | grace]
    50 | D        | Entered arena 2.
    50 | D        | Noticed a draconian
    50 | D        | Noticed a draconian
    50 | D        | Killed a rockslime
    50 | D        | Gained mutation: Your muscles are strong. (Str +2) [Jiyva's
                  | grace]
    50 | D        | Killed a shining eye
    50 | D        | Reached ****** piety under Jiyva
    50 | D        | Gained mutation: One of your tentacles bears a spike.
                  | [Jiyva's grace]
    50 | D        | Found a transporter.
    51 | D        | Killed a floating eye
    51 | D        | Lost mutation: You are strong-willed. (Will+) [Jiyva's
                  | grace]
    51 | D        | Gained mutation: Your muscles are very strong. (Str +4)
                  | [Jiyva's grace]
    51 | D        | Gained mutation: Your gelatinous body deflects attacks. (AC
                  | +3, EV +3) [Jiyva's grace]
    51 | D        | Gained mutation: You are agile. (Dex +2) [Jiyva's grace]
    51 | D        | Gained mutation: You are resistant to electric shocks.
                  | (rElec) [Jiyva's grace]
    51 | D        | Lost mutation: You are agile. (Dex +2) [Jiyva's grace]
    52 | D        | Killed a titan
    52 | D        | Killed a shard shrike
    52 | D        | Killed a black mamba
    52 | D        | Lost mutation: Your gelatinous body deflects attacks. (AC
                  | +3, EV +3) [Jiyva's grace]
    53 | D        | Gained mutation: You have a pair of small antennae on your
                  | head. [Jiyva's grace]
    53 | D        | Lost mutation: You have a pair of small antennae on your
                  | head. [Jiyva's grace]
    53 | D        | Lost mutation: One of your tentacles bears a spike.
                  | [Jiyva's grace]
    53 | D        | Lost mutation: Your muscles are very strong. (Str +4)
                  | [Jiyva's grace]
    53 | D        | Killed a two-headed ogre
    53 | D        | Killed a hog
    53 | D        | Gained mutation: Your melee attacks may engulf your foes in
                  | ooze. [Jiyva's grace]
    53 | D        | Gained mutation: Your system is resistant to poisons.
                  | (rPois) [Jiyva's grace]
    53 | D        | Gained mutation: You have acidic saliva. [Jiyva's grace]
    53 | D        | Gained mutation: Your mind is acute. (Int +2) [Jiyva's
                  | grace]
    53 | D        | Lost mutation: Your mind is acute. (Int +2) [Jiyva's grace]
    53 | D        | Killed a black bear
    54 | D        | Killed an eye of devastation
    54 | D        | Gained mutation: You have a pair of small antennae on your
                  | head. [Jiyva's grace]
    54 | D        | Lost mutation: You have a pair of small antennae on your
                  | head. [Jiyva's grace]
    54 | D        | Killed an ice beast
    54 | D        | Killed a wyvern
    54 | D        | Lost mutation: Your muscles are strong. (Str +2) [Jiyva's
                  | grace]
    55 | D        | Killed a draconian
    55 | D        | Gained mutation: Your mind is acute. (Int +2) [Jiyva's
                  | grace]
    55 | D        | Killed a fenstrider witch
    55 | D        | Killed a shock serpent
    55 | D        | Killed a yaktaur
    55 | D        | Killed a hog
    56 | D        | Reached XP level 3. HP: 34/34 MP: 3/3
    56 | D        | Reached XP level 4. HP: 40/40 MP: 4/4
    56 | D        | Reached XP level 5. HP: 45/45 MP: 5/5
    56 | D        | Reached XP level 6. HP: 51/51 MP: 6/6
    56 | D        | Lost mutation: Your melee attacks may engulf your foes in
                  | ooze. [Jiyva's grace]
    56 | D        | Killed a slime creature
    57 | D        | Gained mutation: You have a small jelly attached to you
                  | that senses nearby items. [Jiyva's grace]
    57 | D        | Lost mutation: You are resistant to electric shocks.
                  | (rElec) [Jiyva's grace]
    57 | D        | Killed a shining eye
    57 | D        | Gained mutation: One of your tentacles bears a spike.
                  | [Jiyva's grace]
    57 | D        | Gained mutation: Your spells are a little harder to cast,
                  | but a little more powerful. [Jiyva's grace]
    57 | D        | Lost mutation: Your pliable body absorbs attacks. (AC +2,
                  | EV +2) [Jiyva's grace]
    57 | D        | Killed an elephant
    57 | D        | Gained mutation: You evolve. [Jiyva's grace]
    57 | D        | Gained mutation: One of your tentacles bears a nasty spike.
                  | [Jiyva's grace]
    57 | D        | Lost mutation: Your system is resistant to poisons. (rPois)
                  | [Jiyva's grace]
    57 | D        | Lost mutation: You have a small jelly attached to you that
                  | senses nearby items. [Jiyva's grace]
    57 | D        | Killed a komodo dragon
    58 | D        | Killed a draconian
    58 | D        | Killed an elephant
    58 | D        | Killed a rime drake
    58 | D        | Killed a golden dragon
    58 | D        | Lost mutation: Your mind is acute. (Int +2) [Jiyva's grace]
    58 | D        | Killed a mana viper
    59 | D        | Reached skill level 10 in Fighting
    59 | D        | Reached skill level 10 in Shields
    59 | D        | Reached XP level 7. HP: 59/59 MP: 7/7
    59 | D        | Killed an orb spider
    59 | D        | Killed an orb spider
    59 | D        | Killed a merfolk
    60 | D        | Killed a redback
    60 | D        | Lost mutation: You have acidic saliva. [Jiyva's grace]
    60 | D        | Killed an acid blob
    60 | D        | Killed a moth of wrath
    60 | D        | Killed a redback
    61 | D        | Killed a merfolk
    61 | D        | Killed a titan
    61 | D        | Gained mutation: You possess an exceptional clarity of
                  | mind. [Jiyva's grace]
    61 | D        | Gained mutation: You passively map a small area around you.
                  | [Jiyva's grace]
    61 | D        | Gained mutation: Your melee attacks may engulf your foes in
                  | ooze. [Jiyva's grace]
    61 | D        | Gained mutation: One of your tentacles bears a large
                  | vicious spike. [Jiyva's grace]
    62 | D        | Killed a swamp worm
    62 | D        | Killed a water nymph
    63 | D        | Gained mutation: You are frail. (-10% HP) [Jiyva's grace]
    63 | D        | Gained mutation: You are partially covered in iridescent
                  | scales. (AC +2) [Jiyva's grace]
    63 | D        | Gained mutation: You passively map the area around you.
                  | [Jiyva's grace]
    63 | D        | Lost mutation: You have a small jelly attached to you that
                  | may absorb incoming projectiles. [Jiyva's grace]
    64 | D        | Killed a spriggan
    65 | D        | Entered arena 3.
    65 | D        | Noticed a deep elf archer
    65 | D        | Noticed a deep elf knight
    65 | D        | Noticed a deep elf demonologist
    65 | D        | Killed a yaktaur
    65 | D        | Killed a titan
    65 | D        | Found a transporter.
    66 | D        | Noticed a rust devil
    66 | D        | Gained mutation: Your spells are harder to cast, but more
                  | powerful. [Jiyva's grace]
    66 | D        | Gained mutation: Armour fits poorly on your pseudopods.
                  | [Jiyva's grace]
    66 | D        | Killed a raiju
    66 | D        | Killed a fire giant
    67 | D        | Killed an unseen horror
    67 | D        | Lost mutation: You possess an exceptional clarity of mind.
                  | [Jiyva's grace]
    67 | D        | Killed a naga
    67 | D        | Gained mutation: You have an increased reservoir of magic.
                  | (+10% MP) [Jiyva's grace]
    67 | D        | Lost mutation: You evolve. [Jiyva's grace]
    67 | D        | Gained mutation: You are somewhat resistant to further
                  | mutation. [Jiyva's grace]
    69 | D        | Lost mutation: You are somewhat resistant to further
                  | mutation. [Jiyva's grace]
    70 | D        | Killed a rockslime
    71 | D        | Killed a deep elf demonologist
    71 | D        | Lost mutation: Your spells are harder to cast, but more
                  | powerful. [Jiyva's grace]
    71 | D        | Gained mutation: Your pliable body absorbs attacks. (AC +2,
                  | EV +2) [Jiyva's grace]
    71 | D        | Killed a black mamba
    71 | D        | Gained mutation: You have acidic saliva. [Jiyva's grace]
    72 | D        | Reached XP level 8. HP: 22/60 MP: 8/8
    72 | D        | Killed from afar by a deep elf knight

Illustrated notes

Levels and vault maps discovered:
D:        sprint_v [room_start, room_1, room_2, room_3, room_4, room_5, room_6,
          room_7, room_8, room_9, room_10, room_11, room_12, room_13, room_14,
          room_15, room_16, room_17, room_18, room_19, room_20, room_21,
          room_22, room_23, room_24, room_25, room_26, room_27]

Skill      XL: |  1  2  3  4  5  6  7 |
---------------+----------------------+-----
Fighting       | 5 8 10 11 | 11.6
Axes           | 4 8 9 11 | 11.3
Shields        | 5 8 10 11 | 11.5
Dodging        | |  3.0

Action                   |  1- 3 |  4- 6 |  7- 9 || total
-------------------------+-------+-------+-------++-------
Melee: Broad axe         |     4 |     3 |     4 ||    11
       Kick              |     2 |       |     1 ||     3
       Constrict         |     1 |     1 |       ||     2
       Tentacles         |       |     2 |     1 ||     3
       Pseudopods        |       |       |     1 ||     1
  Use: Potion            |     1 |       |       ||     1
Dodge: Dodged            |     4 |     1 |     2 ||     7
Block: Tower shield      |     8 |     2 |     6 ||    16

Table legend: (Time is in decaauts)
 A = Elapsed time spent in this place.
 B = Non-inter-level travel time spent in this place.
 C = Inter-level travel time spent in this place.
 D = Time resting spent in this place.
 E = Time spent auto-exploring this place.
 F = Levels seen in this place.
 G = Mean time per level.
                   A        B        C        D        E       F      G
               +--------+--------+--------+--------+--------+-----+--------+
         Total |     76 |     76 |      0 |      0 |      0 |   1 |   76.0 |
       Dungeon |     76 |     76 |      0 |      0 |      0 |   1 |   76.0 |
               +--------+--------+--------+--------+--------+-----+--------+

Top non-repeatable levels by time:
       D: 76 daAuts
